 Dungeon Crawl Stone Soup version 0.32-a0-314-g526f7d4993 (webtiles) character file.

Game seed: 740991060604934741

536 Aldia the Chopper (level 7, 0/59 HPs)
             Began as a Mountain Dwarf Reaver on Feb 15, 2024.
             Splashed by a jelly's acid (9 damage)
             ... on level 5 of the Dungeon.
             The game lasted 00:05:25 (3710 turns).

Aldia the Chopper (Mountain Dwarf Reaver)           Turns: 3710, Time: 00:05:25

Health: 0/59       AC: -2    Str: 17    XL:     7   Next: 4%
Magic:  10/10      EV:  6    Int: 13    God:
Gold:   77         SH:  7    Dex:  8    Spells: 9/10 levels left

rFire   . . .        a - +0 hand axe
rCold   . . .        s - +0 kite shield
rNeg    . . .        e - +0 chain mail
rPois   .            (no helmet)
rElec   .            (no cloak)
rCorr   .            (no gloves)
SInv    .            (no boots)
Will    .....        (no amulet) Stlth
                     (no ring)
HPRegen 0.29/turn    (no ring)
MPRegen 0.12/turn

%: no passive effects
@: corroded
A: runic magic, artefact enchanting
a: Convert to Beogh


You were on level 5 of the Dungeon.
You visited 1 branch of the dungeon, and saw 6 of its levels.

You collected 140 gold pieces.
You spent 63 gold pieces at shops.

Inventory:

Hand Weapons
 a - a +0 hand axe (weapon)
Armour
 b - a +0 leather armour
 e - a +0 chain mail (worn)
 s - a +0 kite shield (worn)
Jewellery
 d - an amulet of reflection
 i - a +4 ring of protection
 p - a +4 ring of slaying
 t - a ring of see invisible
 v - a ring of fire
Wands
 k - a wand of roots (5)
 y - a wand of charming (14)
Scrolls
 c - a scroll of enchant armour {unknown}
 f - a scroll of blinking {unknown}
 h - a scroll of fear
 j - a scroll of noise {unknown}
 o - a scroll of brand weapon {unknown}
 u - a scroll of immolation {unknown}
 B - a scroll of amnesia {unknown}
Potions
 g - a potion of enlightenment {unknown}
 l - a potion of curing
 m - a potion of might {unknown}
 n - a potion of magic {unknown}
 q - a potion of mutation {unknown}
 r - 3 potions of haste {unknown}
 x - a potion of attraction {unknown}
 A - a potion of brilliance {unknown}


   Skills:
 + Level 4.3 Fighting
 * Level 6.9 Axes
 + Level 3.3 Armour
 - Level 1.3 Dodging
 + Level 2.7 Shields
 - Level 2.0 Spellcasting
 - Level 2.6 Conjurations


You had 9 spell levels left.
You knew the following spells:

 Your Spells              Type           Power      Damage    Failure   Level
a - Kiss of Death         Conj/Necr      16%        2d6       58%         1

Your spell library contained the following spells:

 Spells                   Type           Power      Damage    Failure   Level
 Shock                    Conj/Air       16%        1d4       58%         1
 Momentum Strike          Conj/Tloc      8%         3d8       75%         2
 Dazzling Flash           Conj/Hex       8%         N/A       92%         3
 Hailstorm                Conj/Ice       4%         3d5       92%         3
 Gell's Gravitas          Tloc           1%         N/A       98%         3
 Swiftness                Air            1%         N/A       98%         3
 Teleport Other           Tloc           1%         N/A       98%         3
 Volatile Blastmotes      Fire/Tloc      2%         2d10      98%         3
 Airstrike                Air            0%         2d(1-17)  100%        4
 Dispersal                Tloc           0%         N/A       100%        6
 Starburst                Conj/Fire      2%         6d3       100%        6
 Maxwell's Capacitive Co  Air            0%         ∞         100%        8


Dungeon Overview and Level Annotations

Branches:
Dungeon (6/15)
 Temple: D:4-7

Altars:
Cheibriados
Hepliaklqana
Makhleb
Nemelex Xobeh
Uskayaw
Wu Jian
Xom
Zin

Shops:
D:2 [


Innate Abilities, Weirdness & Mutations

Your spellcasting is much less encumbered by armour.
You can use scrolls of enchantment on lesser artefacts.


Message History

You barely miss the orc wizard.
The orc wizard is moderately wounded.
You hit the orc priest. You hit the jelly.
Your hands burn!
The orc priest hits you but does no damage.
The orc wizard hits you but does no damage.
The jelly hits you but does no damage.
Unknown command.
You hit the orc wizard but do no damage.
The orc wizard is moderately wounded.
You barely miss the orc priest. You hit the jelly. The acid corrodes you!
Your hands burn!
The orc priest miscasts a cantrip.
The jelly barely misses you. You block the orc wizard's attack.
Unknown command.
You closely miss the orc wizard.
The orc wizard is moderately wounded.
You hit the jelly. The acid corrodes you!
Your hands burn!
The orc priest shouts, "The Pantheon deserves no one's loyalty.
Let us show you the true path!"
You hit the orc priest. The orc priest hits you with a +0 club.
You block the jelly's attack.
The orc wizard hits you with a +0 dagger.
The orc priest threatens, "Beogh's wrath is as vast as their mercy.
Make your choice!"
You hit the orc wizard.
The orc wizard is moderately wounded.
You closely miss the orc priest. You hit the jelly.
Your hands burn!
The orc priest calls upon Beogh to heal the orc wizard.
The orc wizard's wounds heal themselves!
The jelly barely misses you.
The orc wizard hits you with a +0 dagger.
* * * LOW HITPOINT WARNING * * *
You barely miss the orc wizard. You hit the jelly.
Your hands burn!
* * * LOW HITPOINT WARNING * * *
You barely miss the orc priest.
The orc priest shouts, "Beogh offers mercy even to people such as you.
Join us and be reborn!"
The orc priest hits you with a +0 club.
* * * LOW HITPOINT WARNING * * *
The jelly hits you.
* * * LOW HITPOINT WARNING * * *
The acid corrodes you!
You are splashed with acid!
You die...

,,,,,,,,,,* *,,,,,,,,,**,*,*,,.
,,,,,,,,,,#####.,...,,,,**,*,*,*.
,,,,,,,,,,#.....*#.#******,*,,,*.
,,,,,,,,,.#.....##.# *,*,,,*.
,,,,,,,,,..........# *,*,,,*.
,,,,,,,,,,#.....#..## *,*,,<,.
,,*******##.....#...### *,**####
,,*,,,,,,......o##....####..,....
,,+,,,,,,.....So@...........,....
,,*,,,,,,......J##....####***####
***,,,,,,.......*###..##
*,,,,,,.......* #...##
***,,,,,,....<..* #.#..#
,********#######* #.##.###
,,,,,,,,* #......# #### ,,,,,,,,*
***** #####..####... *,,,,,,,*
*,,,* ##........


You could see a jelly, an orc priest, an orc wizard and an adder.

Vanquished Creatures
  An ice beast (D:4)
  A scorpion (D:4)
  A howler monkey (D:5)
  A bombardier beetle (D:4)
  A jelly (D:4)
  2 orc priests (D:5)
  An orc wizard (D:3)
  4 gnolls (D:3)
  An adder (D:2)
  A shadow imp (D:4)
  2 ribbon worms
  2 dart slugs
  11 orcs
  4 ball pythons
  6 bats
  5 endoplasms
  5 giant cockroaches
  3 goblins
  6 hobgoblins
  4 quokkas
  6 frilled lizards
  4 kobolds
  3 rats
75 creatures vanquished.

Notes
Turn   | Place    | Note
-------+----------+-------------------------------------------
     0 | D:1      | Aldia the Mountain Dwarf Reaver began the quest for the
                  | Orb.
     0 | D:1      | Reached XP level 1. HP: 17/17 MP: 3/3
   160 | D:1      | Reached skill level 4 in Axes
   186 | D:1      | Reached XP level 2. HP: 25/25 MP: 4/4
   650 | D:1      | Reached XP level 3. HP: 28/30 MP: 6/6
   984 | D:2      | Reached skill level 1 in Armour
  1056 | D:2      | Found Quzeinex's Armour Shop.
  1256 | D:2      | Reached XP level 4. HP: 38/38 MP: 7/7
  1343 | D:2      | Reached skill level 5 in Axes
  1826 | D:2      | Bought a +0 kite shield for 63 gold pieces
  2041 | D:3      | Found a shimmering altar of Xom.
  2041 | D:3      | Found an ornate altar of the Wu Jian Council.
  2046 | D:3      | Found a hide-covered altar of Uskayaw.
  2047 | D:3      | Found a burning altar of Makhleb.
  2051 | D:3      | Found a glowing silver altar of Zin.
  2052 | D:3      | Found a snail-covered altar of Cheibriados.
  2055 | D:3      | Found a hazy altar of Hepliaklqana.
  2058 | D:3      | Found a sparkling altar of Nemelex Xobeh.
  2077 | D:3      | Reached XP level 5. HP: 37/45 MP: 8/8
  2078 | D:3      | Reached skill level 1 in Shields
  2594 | D:4      | Identified the +1 ring mail of the Harp {Will+}
  2830 | D:4      | Reached skill level 6 in Axes
  2831 | D:4      | Noticed an ice beast
  2843 | D:4      | Killed an ice beast
  2844 | D:4      | Reached XP level 6. HP: 45/52 MP: 9/9
  3499 | D:5      | Entered Level 5 of the Dungeon
  3703 | D:5      | Reached XP level 7. HP: 57/59 MP: 10/10
  3710 | D:5      | Splashed by a jelly's acid

Illustrated notes

Levels and vault maps discovered:
D:1:      orjb1_clovarrival, layout_basic
D:2:      layout_loops_ring, serial_shops, nicolae_shop_statue_plus,
          chequers_serial_rivers_room_a, nicolae_elevator_lobby_plus
D:3:      layout_basic, nicolae_overflow_hallway_of_the_gods
D:4:      layout_basic, nicolae_the_louvre
D:5:      layout_basic
D:6:      layout_loops_corners, minmay_temple_entry_large_hall, uniq_grinder

Skill      XL: |  1  2  3  4  5  6 |
---------------+-------------------+-----
Axes           | 4 5 6 |  6.9
Spellcasting   | 2 |  2.0
Armour         | 1 2 3 |  3.3
Fighting       | 3 4 |  4.3
Shields        | 2 |  2.7
Dodging        | |  1.3
Conjurations   | |  2.6

Action                     |  1- 3 |  4- 6 |  7- 9 || total
---------------------------+-------+-------+-------++-------
  Melee: Hand axe          |   124 |   169 |     8 ||   301
    Use: Scroll            |     2 |     4 |       ||     6
         Potion            |       |     3 |       ||     3
 Armour: Leather armour    |     7 |       |       ||     7
         Chain mail        |    82 |   135 |    12 ||   229
  Dodge: Dodged            |    46 |    56 |     4 ||   106
  Block: Kite shield       |       |    55 |     4 ||    59

Table legend: (Time is in decaauts)
 A = Elapsed time spent in this place.
 B = Non-inter-level travel time spent in this place.
 C = Inter-level travel time spent in this place.
 D = Time resting spent in this place.
 E = Time spent auto-exploring this place.
 F = Levels seen in this place.
 G = Mean time per level.
                   A        B        C        D        E       F      G
               +--------+--------+--------+--------+--------+-----+--------+
         Total |   3770 |   3659 |    111 |      0 |   2962 |   6 |  628.3 |
       Dungeon |   3770 |   3659 |    111 |      0 |   2962 |   6 |  628.3 |
               +--------+--------+--------+--------+--------+-----+--------+

Top non-repeatable levels by time:
     D:1: 984 daAuts
     D:4: 941 daAuts
     D:2: 885 daAuts
     D:3: 743 daAuts
     D:5: 214 daAuts
     D:6: 1 daAuts
